 Dungeon Crawl Stone Soup version 0.29.1-13-g9f3cf754e1 (webtiles) character file.

Game seed: 18020884775169596154

607 Rikuski the Firebug (level 7, -2/61 HPs)
             Began as a Green Draconian Cinder Acolyte on Feb 2, 2023.
             Was an Elder of Ignis.
             Slain by a small abomination (6 damage)
             ... on level 4 of the Dungeon.
             The game lasted 00:12:47 (4311 turns).

Rikuski the Firebug (DrCA)                          Turns: 4311, Time: 00:12:47

Health: -2/61      AC: 13    Str: 16 (19) XL:     7   Next: 19%
Magic:  11/11      EV: 11    Int: 11 (14) God:    Ignis [****..]
Gold:   189        SH:  0    Dex: 10 (12) Spells: 10/12 levels left

rFire   + . .      SeeInvis .   j - +1 short sword (venom)
rCold   . . .      Faith    .   (no shield)
rNeg    . . .      Spirit   .   (body armour unavailable)
rPois   +          Reflect  .   (helmet restricted)
rElec   .          Harm     .   (no cloak)
rCorr   .          Rampage  .   (no gloves)
Will    .....                   (no boots)
Stlth   +.........              (no amulet)
HPRegen 0.20/turn               f - +6 ring of dexterity
MPRegen 0.12/turn               (no ring)

@: fiery-armoured
A: breathe noxious fumes, AC +6, unfitting armour, poison resistance,
cold-blooded
a: Breathe Noxious Fumes, Renounce Religion, Fiery Armour, Foxfire Swarm, Rising
Flame


You were on level 4 of the Dungeon.
You worshipped Ignis.
Ignis was greatly pleased with you.
You visited 1 branch of the dungeon, and saw 4 of its levels.

You collected 189 gold pieces.

Inventory:

Hand Weapons
 a - a -1 falchion of flaming
 j - a +1 short sword of venom (weapon)
Magical Staves
 q - a staff of death
Jewellery
 f - a +6 ring of dexterity (left hand)
 n - a ring of magical power
 u - an amulet of the acrobat
Scrolls
 e - 4 scrolls of teleportation {unknown}
 g - a scroll of immolation {unknown}
 h - a scroll of fear {unknown}
 l - 2 scrolls of poison {unknown}
 o - a scroll of vulnerability {unknown}
 p - 2 scrolls of enchant armour {unknown}
 r - 2 scrolls of amnesia {unknown}
 t - 2 scrolls of identify {unknown}
Potions
 b - 4 potions of curing {unknown}
 c - 3 potions of might
 d - 2 potions of lignification {unknown}
 i - 2 potions of attraction
 k - a potion of resistance {unknown}
 m - 2 potions of degeneration
 s - a potion of heal wounds {unknown}


   Skills:
 + Level 5.0 Fighting
 + Level 3.1(3.7) Short Blades
 - Level 3.0(3.6) Long Blades
 + Level 3.1 Spellcasting
 * Level 5.7 Fire Magic


You had 10 spell levels left.
You knew the following spells:

 Your Spells              Type           Power      Damage    Failure   Level
a - Scorch                Fire           28%        2d6       3%          2

Your spell library contained the following spells:

 Spells                   Type           Power      Damage    Failure   Level
 Stone Arrow              Conj/Erth      2%         3d7       61%         3
 Lehudib's Crystal Spear  Conj/Erth      0%         10d2      100%        8
 Animate Armour           Summ/Erth      Unusable   N/A       N/A         4

Dungeon Overview and Level Annotations

Branches:
Dungeon (4/15)
 Temple: D:4-7

Altars:

Portals:
Abyss: D:4

Annotations:
D:4 1 transporter, bjubeck's ghost, amateur MiFi


Innate Abilities, Weirdness & Mutations

You can breathe blasts of noxious fumes.
Your lurid green scales are hard. (AC +6)
You cannot fit into any form of body armour.
Your system is resistant to poisons. (rPois)
You are cold-blooded and may be slowed by cold attacks.


Message History

The small abomination is burned by your cloak of flames.
The small abomination is lightly damaged.
The small abomination barely misses you.
You hit the small abomination.
The small abomination is severely damaged.
The small abomination barely misses you.
The small abomination hits you!
You are too injured to fight recklessly!
You are too injured to fight recklessly!
You are too injured to fight recklessly!
You are too injured to fight recklessly!
You are too injured to fight recklessly!
You are too injured to fight recklessly!
You are too injured to fight recklessly!
You are too injured to fight recklessly!
You are too injured to fight recklessly!
You are too injured to fight recklessly!
You are too injured to fight recklessly!
You are too injured to fight recklessly!
You are too injured to fight recklessly!
You are too injured to fight recklessly!
You are too injured to fight recklessly!
You are too injured to fight recklessly!
You are too injured to fight recklessly!
You are too injured to fight recklessly!
You barely miss the small abomination.
The small abomination is severely damaged.
The small abomination hits you!
* * * LOW HITPOINT WARNING * * *
The small abomination is burned by your cloak of flames.
The small abomination is moderately damaged.
The small abomination hits you!
* * * LOW HITPOINT WARNING * * *
The small abomination is burned by your cloak of flames.
The small abomination is almost destroyed.
It was a potion of degeneration.
There was something very wrong with that liquid.
You feel weakened.
You feel dopey.
You feel clumsy. The small abomination hits you.
You die...

#.##...........................
#..#...........................
#......###.......####..........
#.##..##.###...###..#..........
#.##..#..# #..##..x##..........
#.##..## #.####..#.#...........
#..#...##. ........##..........
##......##..#.x##...##.........
#.#.....#.#..@x###..#.........
#.....###.#:###..####.........
#....##.. ###©##..##.........(
#.#..#.∩.##....# .##..........
#.#..#..##...####x.##.........
#....##W##..###.^#..#.........
##....#x.#..#5.#.55##.........
#....#5##..##..####.........>
#....###....####©............


You could see 2 small abominations.

Vanquished Creatures
  Grinder (D:4)
  Sigmund (D:2)
  A scorpion (D:4)
  2 hounds
  An orc wizard (D:4)
  3 gnolls (D:3)
  An adder (D:3)
  An ufetubus (D:4)
  A dart slug (D:2)
  3 orcs
  4 ball pythons
  9 endoplasms
  2 giant cockroaches (D:1)
  10 goblins
  8 hobgoblins
  7 jackals
  7 kobolds
  5 bats
  6 rats
73 creatures vanquished.

Notes
Turn   | Place    | Note
-------+----------+-------------------------------------------
     0 | D:1      | Rikuski the Draconian Cinder Acolyte began the quest for
                  | the Orb.
     0 | D:1      | Reached XP level 1. HP: 19/19 MP: 2/2
   419 | D:1      | Reached XP level 2. HP: 15/26 MP: 3/3
   741 | D:1      | Found a faded altar of an unknown god.
   756 | D:1      | Found a faded altar of an unknown god.
  1001 | D:1      | Learned a level 2 spell: Scorch
  1297 | D:1      | Reached skill level 1 in Short Blades
  1363 | D:2      | Reached XP level 3. HP: 29/31 MP: 0/5
  1614 | D:2      | Noticed Sigmund
  1639 | D:2      | Killed Sigmund
  1640 | D:2      | Reached XP level 4. HP: 17/40 MP: 5/7
  1640 | D:2      | Reached XP level 5. HP: 20/46 MP: 5/8
  2950 | D:3      | Reached XP level 6. HP: 48/53 MP: 4/9
  3199 | D:4      | Noticed Grinder
  3211 | D:4      | Reached skill level 5 in Fire Magic
  3272 | D:4      | Found a transporter.
  3285 | D:4      | Found a transporter.
  3285 | D:4      | Found a one-way gate to the infinite horrors of the Abyss.
  3285 | D:4      | Noticed bjubeck's ghost (amateur MiFi)
  3392 | D:4      | Paralysed by Grinder for 4 turns
  3416 | D:4      | Paralysed by Grinder for 2 turns
  3419 | D:4      | Killed Grinder
  3420 | D:4      | Your scales start taking on a lurid green colour.
  3420 | D:4      | Reached XP level 7. HP: 24/60 MP: 9/11
  3420 | D:4      | Gained mutation: Your system is resistant to poisons.
                  | (rPois) [Green Draconian growth]
  3736 | D:4      | Reached skill level 5 in Fighting
  3832 | D:4      | Found a sand-covered staircase.
  4311 | D:4      | Slain by a small abomination

Illustrated notes

Levels and vault maps discovered:
D:1:      evilmike_arrival_hilbert_curve, layout_basic,
          hellmonk_ecumenical_altar_the_god_not_taken, minmay_cupped
D:2:      layout_loops_ring, nicolae_kite_square_tiling_tiny, chequers_avenue,
          uniq_sigmund
D:3:      layout_basic, palyth_stone_intersect
D:4:      layout_gridville, gammafunk_ghost_abyssal_escape, enter_ossuary_5,
          uniq_grinder

Skill      XL: |  1  2  3  4  5  6  7 |
---------------+----------------------+-----
Short Blades   | 1 2 3 |  3.1
Fighting       | 4 5 |  5.0
Spellcasting   | 2 3 |  3.1
Fire Magic     | 4 5 |  5.7
Long Blades    | |  3.0

Action                   |  1- 3 |  4- 6 |  7- 9 || total
-------------------------+-------+-------+-------++-------
Melee: Falchion          |    81 |       |       ||    81
       Tailslap          |     9 |    18 |     7 ||    34
       Short sword       |       |    80 |    24 ||   104
       Punch             |       |     1 |     1 ||     2
 Cast: Scorch            |     4 |     9 |     1 ||    14
Invok: Fiery Armour      |     1 |     2 |     1 ||     4
  Use: Potion            |       |     1 |     1 ||     2
 Stab: Sleeping          |     1 |       |     1 ||     2
Armor: Skin              |    27 |    39 |     7 ||    73
Dodge: Dodged            |    39 |    52 |    17 ||   108
